Map: World of Sleepers LE

Players

Orocou - Winner!

  • Race: Protoss Protoss
  • Spawn Location: 7:00

A.I. 1 (Elite)

  • Race: Terran Terran
  • Spawn Location: 1:00

VOD

Have the link to the VOD?

Description

Turtling with adepts to defend against a marine rush

Time

  • Played on: Dec. 27, 2019, 2:16 a.m.
  • Length: 19:05
Show
View Real Time Build Order
Export as new Build Order

Orocou Protoss - Winner!

Build Orders:  

Get SALT Encoding   

  12  0:02  Probe  
  13  0:14  Probe  
  13  0:20  Pylon  
  14  0:26  Probe  
  15  0:38  Probe  
  16  0:44  Gateway  
  16  0:54  Gateway  
  16  1:01  Assimilator  
  16  1:05  Assimilator  
  16  1:06  Probe  
  17  1:18  Probe  
  18  1:34  Cybernetics Core  
  18  1:35  Zealot  
  20  1:40  Probe  
  20  1:42  Zealot  
  23  2:03  Pylon  
  23  2:04  Warp Gate (Chrono Boost)  
  23  2:21  Sentry  
  25  2:23  Pylon, Adept  
  25  2:28  Probe  
  28  2:46  Forge  
  28  2:51  Adept  
  26  3:28  Adept x2  
  26  3:33  Protoss Shields Level 1 (Chrono Boost)  
  30  3:48  Probe  
  31  4:01  Twilight Council  
  31  4:11  Gateway  
  31  4:14  Pylon  
  31  4:22  Gateway  
  31  4:28  Adept x2  
  35  4:36  Charge (Chrono Boost)  
  35  5:00  Robotics Facility  
  35  5:06  Zealot x2  
  39  5:19  Sentry  
  41  5:37  Zealot x2  
  41  5:41  Nexus  
  45  5:43  Protoss Ground Weapons Level 1 (Chrono Boost)  
  45  5:45  Assimilator  
  45  5:47  Assimilator  
  45  5:50  Pylon  
  45  6:07  Templar Archives  
  45  6:22  Resonating Glaives  
  45  6:26  Zealot x2  
  45  6:27  Zealot  
  51  6:36  Probe  
  52  6:56  Psionic Storm  
  52  6:57  Probe  
  54  7:01  Probe  
  54  7:09  Probe  
  54  7:13  Probe  
  56  7:32  Zealot  
  56  7:33  Zealot x3  
  64  7:38  Protoss Shields Level 2 (Chrono Boost)  
  64  7:50  Immortal  
  68  7:53  Probe  
  69  8:05  Pylon  
  69  8:08  Pylon  
  69  8:26  High Templar  
  71  8:27  High Templar x2  
  71  8:32  Probe  
  71  8:33  Probe  
  77  8:49  Adept  
  77  8:53  Archon  
  79  9:00  Immortal  
  83  9:07  Robotics Bay  
  83  9:21  Adept  
  85  9:31  Pylon  
  85  9:34  Pylon  
  85  9:35  Pylon  
  61  9:58  Protoss Ground Weapons Level 2  
  59  10:19  Warp Prism  
  59  10:51  Probe x2  
  59  10:54  Colossus  
  67  10:58  Pylon  
  67  11:07  Adept x4  
  75  11:16  Extended Thermal Lance (Chrono Boost)  
  75  11:28  Gateway  
  75  11:29  Gateway  
  75  11:41  Probe x2  
  77  11:52  Zealot x4  
  85  11:59  Zealot  
  85  12:00  Zealot x3  
  85  12:25  Observer  
  85  12:28  Protoss Shields Level 3 (Chrono Boost)  
  86  12:31  Zealot x2  
  86  12:32  Zealot x4  
  98  13:01  Zealot  
  98  13:02  Zealot x5  
  73  13:37  Stalker x4  
  73  13:38  Stalker x2  
  85  13:47  Colossus  
  91  14:04  Stalker  
  91  14:05  Stalker x4  
  64  15:20  Protoss Ground Weapons Level 3  
  62  15:48  Stalker x2  
  62  15:49  Stalker x4  
  70  16:31  Blink (Chrono Boost)  
  70  16:45  Nexus  
  70  16:47  Assimilator  
  70  16:48  Assimilator  
  70  18:02  Zealot x6  
Show
View Real Time Build Order
Export as new Build Order

A.I. 1 (Elite) Terran 

Build Orders:  

Get SALT Encoding   

  12  0:10  Supply Depot  
  12  0:13  SCV  
  13  0:35  Barracks  
  13  0:42  Barracks  
  13  0:57  Barracks  
  13  0:58  SCV  
  14  1:11  SCV  
  15  1:24  Marine  
  16  1:28  Barracks  
  16  1:29  Marine  
  17  1:41  Marine  
  17  1:44  Marine  
  19  1:47  Marine  
  19  1:54  Supply Depot  
  20  1:59  Marine  
  21  2:04  Marine  
  21  2:05  Marine  
  23  2:15  Marine  
  24  2:17  Marine  
  24  2:22  Marine x2  
  27  2:33  Marine  
  27  2:35  Marine  
  29  2:40  Marine  
  29  2:44  Supply Depot  
  30  2:45  Marine  
  31  2:53  Refinery  
  31  3:05  SCV  
  31  3:17  SCV  
  27  3:29  SCV  
  28  3:41  SCV  
  29  3:54  SCV  
  30  3:57  Factory  
  30  4:06  SCV  
  31  4:18  SCV  
  31  4:20  Barracks Tech Lab, Supply Depot  
  32  4:25  Refinery  
  32  4:30  SCV  
  33  4:41  Marauder  
  33  4:42  SCV  
  33  4:43  Factory Tech Lab  
  36  4:54  SCV  
  37  5:03  Marauder  
  37  5:06  SCV, Supply Depot  
  40  5:16  Marine x2, Stimpack  
  40  5:19  Orbital Command  
  42  5:24  Marauder  
  44  5:30  Command Center  
  44  5:45  Marauder  
  46  5:56  Supply Depot  
  46  6:05  Engineering Bay  
  46  6:07  Marauder  
  48  6:22  Engineering Bay  
  48  6:24  Barracks Tech Lab  
  48  6:28  Barracks Reactor, Marauder  
  48  6:32  Terran Infantry Armor Level 1  
  50  6:34  Marine  
  51  6:42  Combat Shield  
  51  6:43  SCV x2, Marauder  
  55  6:47  Terran Infantry Weapons Level 1  
  55  6:49  Marine  
  56  6:55  SCV  
  56  6:56  SCV  
  58  7:04  Marauder  
  58  7:07  SCV  
  58  7:08  SCV  
  62  7:19  SCV, Concussive Shells, Marauder  
  62  7:21  SCV  
  62  7:22  Starport  
  66  7:29  Marine  
  67  7:31  SCV, Marine  
  67  7:33  SCV  
  67  7:34  Supply Depot  
  70  7:43  SCV  
  71  7:47  Command Center  
  71  7:53  SCV  
  71  7:55  SCV  
  73  7:58  Medivac  
  73  8:00  Marauder  
  73  8:05  SCV, Supply Depot  
  78  8:07  SCV  
  79  8:16  Marauder  
  79  8:17  SCV  
  79  8:19  SCV  
  83  8:23  Marauder  
  85  8:28  Medivac  
  85  8:29  Orbital Command  
  85  8:32  Supply Depot  
  87  8:35  Missile Turret  
  87  8:40  Missile Turret  
  87  8:49  Armory  
  87  8:57  Refinery  
  87  8:59  Marine, SCV x2, Starport Reactor  
  87  9:00  SCV  
  91  9:11  SCV  
  91  9:12  SCV  
  91  9:14  SCV  
  94  9:23  SCV  
  94  9:24  Missile Turret  
  95  9:26  SCV, Orbital Command, Missile Turret  
  96  9:31  Marine  
  96  9:33  Marine  
  96  9:34  Marine  
  96  9:35  SCV, Terran Infantry Weapons Level 2, Medivac  
  96  9:38  SCV  
  102  9:40  Marauder  
  102  9:42  Marine  
  85  9:48  SCV  
  85  9:49  Marine  
  85  9:50  SCV  
  85  9:51  Marine  
  85  9:52  SCV, Marine  
  68  10:00  SCV, Marine x2  
  68  10:04  SCV  
  68  10:05  SCV  
  73  10:07  Marine  
  73  10:09  Marine, Medivac  
  73  10:11  Marine  
  73  10:12  SCV  
  79  10:15  Medivac  
  79  10:16  SCV  
  79  10:17  SCV  
  79  10:18  Marine  
  79  10:19  Marauder  
  86  10:24  SCV  
  86  10:25  Marauder  
  86  10:27  Marine  
  90  10:29  Marine, Refinery  
  91  10:36  Marine  
  91  10:37  Missile Turret  
  91  10:39  Viking  
  91  10:40  Marauder  
  95  10:44  Marine  
  95  10:45  Viking  
  95  10:46  Marine, Refinery  
  95  10:47  Marauder  
  101  10:50  Supply Depot  
  101  10:51  SCV x2  
  101  10:54  Marine  
  101  10:56  Missile Turret  
  104  11:02  Marauder  
  106  11:04  Refinery  
  106  11:08  Marauder  
  106  11:09  SCV x3, Viking  
  113  11:13  Supply Depot  
  113  11:15  Medivac  
  113  11:17  Missile Turret  
  115  11:23  Marauder  
  117  11:26  SCV  
  117  11:27  SCV  
  117  11:28  SCV  
  117  11:30  Marauder  
  122  11:35  Hellion  
  122  11:37  Supply Depot  
  122  11:39  Viking  
  126  11:43  Factory  
  126  11:44  Infernal Pre-Igniter  
  126  11:54  Marauder  
  128  11:56  Command Center, Hellion  
  130  12:03  Supply Depot  
  130  12:14  Terran Infantry Weapons Level 3  
  130  12:18  Siege Tank  
  133  12:26  Widow Mine  
  133  12:27  Supply Depot  
  135  12:32  Factory  
  135  12:41  Starport  
  135  12:46  Armory  
  135  12:50  Widow Mine, Supply Depot  
  137  12:52  Hellion  
  137  12:53  Fusion Core  
  139  13:05  Marauder x2  
  143  13:08  Marine x3, Missile Turret  
  143  13:10  Missile Turret  
  143  13:11  Thor  
  126  13:13  Hellion  
  126  13:16  Refinery, Command Center, Viking  
  126  13:17  Hellion  
  126  13:19  Starport Tech Lab, Refinery  
  112  13:26  Marine x4  
  112  13:27  Marauder  
  110  13:35  Factory Tech Lab  
  110  13:40  Rapid Reignition System, Hellion  
  110  13:41  Raven, Missile Turret  
  114  13:44  Marine x2, Marauder, Missile Turret  
  114  13:47  Marine  
  114  13:48  Marauder  
  121  13:51  SCV  
  121  13:53  SCV x2  
  121  13:54  Siege Tank, Hellion  
  121  14:01  Factory Tech Lab  
  121  14:02  Marine  
  117  14:03  SCV  
  117  14:05  SCV  
  117  14:06  SCV, Marauder  
  117  14:09  Marauder  
  120  14:13  Hi-Sec Auto Tracking  
  120  14:15  SCV, Thor  
  124  14:17  SCV  
  124  14:18  SCV  
  124  14:19  Hellion  
  124  14:22  Marine  
  124  14:23  Marine, Raven  
  126  14:24  Marine  
  126  14:26  Hellion  
  126  14:27  SCV, Marauder  
  126  14:30  SCV  
  126  14:31  Marauder  
  109  14:32  SCV, Refinery  
  109  14:34  SCV  
  99  14:39  SCV  
  99  14:40  Marine  
  99  14:41  Marine, Hellion  
  99  14:42  Marine, SCV  
  106  14:47  Siege Tank  
  106  14:48  Marine  
  106  14:50  SCV  
  106  14:52  Marauder  
  102  14:56  SCV  
  102  14:58  Marine, Thor  
  102  14:59  Marine  
  96  15:02  Siege Tank  
  96  15:06  Marauder  
  94  15:09  Command Center  
  94  15:13  Marauder  
  89  15:18  Refinery  
  89  15:20  Hellion  
  81  15:26  Marine  
  81  15:27  Marine  
  72  15:28  Marine  
  72  15:30  Marine  
  72  15:34  Marine  
  72  15:35  Hellion  
  69  15:41  Siege Tank  
  69  15:44  Marine  
  69  15:45  Marine  
  69  15:47  Marine  
  69  15:48  Siege Tank  
  63  15:52  Command Center  
  33  16:20  Marine  
  33  16:22  Marine  
  33  16:25  Marine x2  
  29  16:26  Hellion  
  33  16:39  Marine  
  27  16:44  Marine  
  23  16:53  Marine  
  22  16:54  SCV  
  22  16:57  Marine  
  22  16:58  SCV  
  22  16:59  SCV  
  22  17:06  SCV  
  19  17:11  SCV x2, Marine  
  20  17:17  Marine  
  20  17:25  SCV  
  20  17:26  SCV  
  11  17:48  SCV  
  11  17:49  Siege Tank, Hellion  
Tags
 
Add a new tag
Caveats
  • Supply blocks, unpowered buildings, or Contaminate may cause inaccurate times.
  • Supply counts are checked every 10 seconds.